 Dungeon Crawl Stone Soup version 0.23.2-1-ga50397a6bc (webtiles) character file.

Game seed: 7438897932543851725

184 Mrkan the Cudgeler (level 5, -2/50 HPs)
             Began as a Naga Fighter on May 25, 2019.
             Killed from afar by an orc wizard (9 damage)
             ... with a puff of flame
             ... on level 4 of the Dungeon.
             The game lasted 00:06:01 (2829 turns).

Mrkan the Cudgeler (Naga Fighter)                   Turns: 2829, Time: 00:06:02

Health: -2/50      AC:  5    Str: 19    XL:     5   Next: 64%
Magic:  5/5        EV:  5    Int:  8    God:
Gold:   80         SH:  8    Dex: 11    Spells: 4/4 levels left

rFire    . . .     SeeInvis +   a - +0 flail
rCold    . . .     Gourm    .   c - +0 shield
rNeg     . . .     Faith    .   b - +0 scale mail
rPois    +         Spirit   .   (no helmet)
rElec    .         Reflect  .   (no cloak)
rCorr    .         Harm     .   (no gloves)
MR       .....                  (no barding)
Stlth    ..........             (no amulet)
HPRegen  0.16/turn              (no ring)
MPRegen  0.09/turn              (no ring)

@: very slow
A: large, see invisible, deformed body, poison resistance, slowness 2, slow
metabolism 1, spit poison 1, AC +1
a: Spit Poison


You were on level 4 of the Dungeon.
You were not hungry.

You visited 1 branch of the dungeon, and saw 4 of its levels.

You collected 80 gold pieces.

Inventory:

Hand Weapons
 a - a +0 flail (weapon)
Armour
 b - a +0 scale mail (worn)
 c - a +0 shield (worn)
 k - a +0 cloak
Jewellery
 h - a +3 ring of dexterity {unknown}
 n - an uncursed ring of poison resistance {unknown}
Wands
 m - a wand of iceblast (8)
Scrolls
 e - a scroll of amnesia {unknown}
 g - 3 scrolls of identify {unknown}
 l - 3 scrolls of teleportation {unknown}
 p - a scroll of remove curse {unknown}
 r - a scroll of enchant weapon {unknown}
Potions
 d - a potion of might
 i - a potion of magic {unknown}
 j - 2 potions of curing {unknown}
 o - 2 potions of agility {unknown}
 q - 2 potions of degeneration {unknown}
 s - a potion of resistance {unknown}
 t - a potion of haste {unknown}
Comestibles
 f - 5 rations
 u - a chunk of flesh


   Skills:
 + Level 4.2 Fighting
 * Level 4.8 Maces & Flails
 - Level 2.4 Armour
 - Level 2.4 Shields


You had 4 spell levels left.
You didn't know any spells.
Your spell library contained the following spells:

 Spells                   Type           Power        Failure   Level  Hunger
 Confusing Touch          Hex            #.....       99%         1    ##.....
 Confuse                  Hex            #.......     100%        3    ####...
 Gell's Gravitas          Tloc           #.........   100%        3    ####...
 Petrify                  Tmut/Erth      #.......     100%        4    #####..
 Metabolic Englaciation   Hex/Ice        #.........   100%        5    ######.
 Yara's Violent Unravell  Hex/Tmut       #.........   100%        5    ######.


Dungeon Overview and Level Annotations

Branches:
Dungeon (4/15)
 Temple: D:4-7

Altars:
Ashenzari
Wu Jian

Annotations:
D:4 Sigmund


Innate Abilities, Weirdness & Mutations

You cannot wear boots.
Your serpentine skin is tough. (AC +1)
You have supernaturally acute eyesight. (SInv)
Armour fits poorly on your strangely shaped body.
Your system is resistant to poisons. (rPois)
You cover ground very slowly.
You have a slow metabolism.
You can spit poison.


Message History

You hit the orc wizard but do no damage.
The orc wizard is severely wounded.
The orc wizard hits you but does no damage.
The orc wizard casts a spell at you. The magic dart hits you!
* * * LOW HITPOINT WARNING * * *
You block the orc wizard's attack.
You closely miss the orc wizard.
The orc wizard is severely wounded.
The orc wizard hits you but does no damage.
The orc wizard gestures at you while chanting.
The magic dart hits you.
* * * LOW HITPOINT WARNING * * *
You block the orc wizard's attack.
You closely miss the orc wizard.
The orc wizard is severely wounded.
The orc wizard hits you but does no damage.
The orc wizard casts a spell at you. The puff of flame hits you!
You die...

###
.#####<########
#......o@o......
#.####...#######
......# ######.#
..# ###


You could see 2 orc wizards.

Vanquished Creatures
  An orc priest (D:3)
  A howler monkey skeleton (D:3)
  8 adders
  An adder zombie (D:1)
  2 worms (D:2)
  A dart slug (D:2)
  4 leopard geckos
  7 orcs (D:3)
  3 bats
  A bat zombie (D:1)
  3 giant cockroaches
  4 goblins
  6 hobgoblins
  4 jackals (D:3)
  2 quokkas (D:3)
  2 frilled lizards
  A kobold (D:2)
  5 rats
56 creatures vanquished.

Notes
Turn   | Place    | Note
-------+----------+-------------------------------------------
     0 | D:1      | Mrkan the Naga Fighter began the quest for the Orb.
     0 | D:1      | Reached XP level 1. HP: 21/21 MP: 1/1
   141 | D:1      | Reached XP level 2. HP: 13/28 MP: 2/2
   286 | D:1      | You fall through a shaft!
   422 | D:2      | Reached XP level 3. HP: 12/34 MP: 3/3
  1172 | D:2      | Reached XP level 4. HP: 37/44 MP: 4/4
  1870 | D:3      | Reached XP level 5. HP: 14/50 MP: 5/5
  2376 | D:3      | Found a shattered altar of Ashenzari.
  2378 | D:3      | Found an ornate altar of the Wu Jian Council.
  2552 | D:4      | Noticed Sigmund
  2829 | D:4      | Killed from afar by an orc wizard

Skill      XL: |  1  2  3  4  5 |
---------------+----------------+-----
Maces & Flails | 3 4 |  4.8
Fighting       | 4 |  4.2
Armour         | |  2.4
Shields        | |  2.4

Action                   |  1- 3 |  4- 6 || total
-------------------------+-------+-------++-------
Melee: Flail             |    97 |   159 ||   256
  Eat: Chunk             |       |     5 ||     5
Armor: Scale mail        |    52 |    68 ||   120
Dodge: Dodged            |    25 |    21 ||    46
Block: Shield            |    61 |    86 ||   147
